 Dungeon Crawl Stone Soup version 0.28.0-53-g5a82cb258f (webtiles) character file.

Game seed: 101926760964740457

35 ILmort the Skirmisher (level 3, 0/34 HPs)
             Began as a Hill Orc Fighter on Aug 2, 2022.
             Succumbed to Crazy Yiuf's poison
             ... on level 2 of the Dungeon.
             The game lasted 00:06:52 (1793 turns).

ILmort the Skirmisher (Hill Orc Fighter)            Turns: 1793, Time: 00:06:53

Health: 0/34       AC:  9    Str: 20    XL:     3   Next: 33%
Magic:  3/3        EV:  9    Int:  8    God:
Gold:   98         SH:  4    Dex: 10    Spells: 2/2 levels left

rFire   . . .      SeeInvis +   a - +0 war axe
rCold   . . .      Faith    .   c - +0 buckler
rNeg    . . .      Spirit   .   b - +0 scale mail
rPois   .          Reflect  .   k - +1 helmet {SInv}
rElec   .          Harm     .   (no cloak)
rCorr   .          Rampage  .   (no gloves)
Will    .....                   (no boots)
Stlth   ..........              (no amulet)
HPRegen 0.11/turn               (no ring)
MPRegen 0.08/turn               (no ring)

@: lethally poisoned (0 -> -11)
A: no striking features
a: no special abilities


You were on level 2 of the Dungeon.
You visited 1 branch of the dungeon, and saw 2 of its levels.

You collected 98 gold pieces.

Inventory:

Hand Weapons
 a - a +0 war axe (weapon)
Armour
 b - a +0 scale mail (worn)
 c - a +0 buckler (worn)
 k - a +1 helmet of see invisible (worn)
Jewellery
 o - a +6 ring of intelligence
Scrolls
 g - a scroll of amnesia {unknown}
 i - a scroll of immolation {unknown}
 j - a scroll of noise {unknown}
 l - a scroll of enchant weapon {unknown}
 m - a scroll of teleportation {unknown}
 n - a scroll of silence {unknown}
Potions
 d - a potion of might
 e - a potion of curing {unknown}
 f - a potion of lignification {unknown}
 h - a potion of invisibility {unknown}


   Skills:
 + Level 4.4 Fighting
 + Level 3.9 Axes
 - Level 3.3 Armour
 - Level 3.3 Shields


You had 2 spell levels left.
You didn't know any spells.
Your spell library was empty.

Dungeon Overview and Level Annotations

Branches:
Dungeon (2/15)

Altars:

Annotations:
D:2 Crazy Yiuf


Message History

The fungus is lightly damaged.
You hit the fungus.
A nearby fungus withers and dies. x2
You slash the fungus!
The fungus begins to die.
The fungus is lightly damaged.
You hit the fungus.
The fungus begins to die.
You slash the fungus!
The fungus is lightly damaged.
You completely miss the fungus. You slash the fungus!
The fungus is lightly damaged.
You slash the fungus!
A nearby fungus withers and dies.
A nearby fungus withers and dies.
Found four maces.
Found a runed translucent door.
Found a mace.
Crazy Yiuf says, "Shower!"
You see here a +0 mace.
As you open the door, it creaks loudly!
You closely miss Crazy Yiuf. Crazy Yiuf barely misses you.
You hit Crazy Yiuf.
Crazy Yiuf is lightly wounded.
Crazy Yiuf barely misses you.
You hit Crazy Yiuf but do no damage.
Crazy Yiuf is lightly wounded.
Crazy Yiuf hits you with a +2 quarterstaff of chaos!
You are poisoned.
You block Crazy Yiuf's attack.
You hit Crazy Yiuf.
Crazy Yiuf is heavily wounded.
You feel extremely sick. Crazy Yiuf barely misses you.
You barely miss Crazy Yiuf.
Crazy Yiuf is heavily wounded.
You feel very sick.
Crazy Yiuf hits you with a +2 quarterstaff of chaos!
* * * LOW HITPOINT WARNING * * *
Crazy Yiuf freezes you.
* * * LOW HITPOINT WARNING * * *
You hit Crazy Yiuf but do no damage.
Crazy Yiuf is heavily wounded.
You die...

######...###...# #.#
#.. .# ##.## ##### ###
##. .# #.# ### .# #.#
##### #.# .# #.# #..)#
##########.# .# #.####
#)..# #........... .#
#....# .)) #.########.#
.# ###### #g# ### #.#
.# ##@# #.# .# #.## #..
.# ##.# ### .# #.##
.######## ##.##
........# #)..##
####### )######.#
#..#P# #.....# .# #.#
#....# #####.# .# #.#
####....########.######


You could see Crazy Yiuf.

Vanquished Creatures
  An adder (D:2)
  A dart slug (D:1)
  3 endoplasms
  3 giant cockroaches
  2 hobgoblins (D:1)
  3 ball pythons
  2 bats (D:2)
  2 frilled lizards (D:1)
  4 goblins
  2 kobolds (D:1)
  A rat (D:1)
24 creatures vanquished.

Vanquished Creatures (others)
  4 fungi (D:2)
4 creatures vanquished.

Grand Total: 28 creatures vanquished

Notes
Turn   | Place    | Note
-------+----------+-------------------------------------------
     0 | D:1      | ILmort the Hill Orc Fighter began the quest for the Orb.
     0 | D:1      | Reached XP level 1. HP: 19/19 MP: 1/1
   188 | D:1      | Reached XP level 2. HP: 27/27 MP: 2/2
   386 | D:1      | Reached skill level 4 in Fighting
   617 | D:1      | Found a faded altar of an unknown god.
   956 | D:2      | Reached XP level 3. HP: 22/34 MP: 3/3
  1783 | D:2      | Found a runed translucent door.
  1784 | D:2      | Noticed Crazy Yiuf
  1793 | D:2      | Succumbed to Crazy Yiuf's poison

Illustrated notes

Levels and vault maps discovered:
D:1:      dpeg_arrival_rooms_c, layout_loops_ring,
          hellmonk_ecumenical_altar_inner_sanctum, hex_large,
          minmay_misc_feat_ornament, serial_park_tiny_pond, minmay_hexomino_p4
D:2:      layout_loops_ring, st_stairs_6, uniq_crazy_yiuf_cottage

Skill      XL: |  1  2 |
---------------+-------+-----
Axes           | 3 |  3.9
Fighting       | 4 |  4.4
Armour         | |  3.3
Shields        | |  3.3

Action                   || total
-------------------------++-------
Melee: War axe           ||    92
Armor: Scale mail        ||    39
Dodge: Dodged            ||    35
Block: Buckler           ||    16
